 Dungeon Crawl Stone Soup version 0.16.1-12-gf5c4a84 (webtiles) character file.

1098 Shoikan the Basher (level 8, -6/64 HPs)
             Began as a Minotaur Berserker on Apr 8, 2015.
             Was a Priest of Trog.
             Mangled by an orc warrior
             ... wielding a +0 long sword
              (15 damage)
             ... on level 6 of the Dungeon.
             The game lasted 00:17:37 (2863 turns).

Shoikan the Basher (Minotaur Berserker)             Turns: 2863, Time: 00:17:40

Health: -6/64      AC:  6    Str: 22    XL:     8   Next: 10%
Magic:  3/3        EV: 10    Int:  6    God:    Trog [***...]
Gold:   163        SH:  0    Dex: 10    Spells: 0 memorised, 7 levels left

rFire  . . .     SeeInvis .     a - +0 mace
rCold  . . .     Clarity  .     h - +0 scale mail
rNeg   . . .     SustAb   .     (no shield)
rPois  .         Gourm    .     (helmet restricted)
rElec  .         Spirit   .     (no cloak)
rCorr  .         Warding  .     (no gloves)
rMut   .         Stasis   .     (no boots)
MR     .....                    (no amulet)
Stlth  ..........               (no ring)
                                (no ring)

@: not resistant to hostile enchantments, extremely unstealthy
A: retaliatory headbutt, horns 2
a: Burn Spellbooks, Berserk, Trog's Hand, Renounce Religion


You were on level 6 of the Dungeon.
You worshipped Trog.
Trog was most pleased with you.
You were not hungry.

You visited 1 branch of the dungeon, and saw 4 of its levels.

You collected 163 gold pieces.

Inventory:

Hand weapons
 a - a +0 mace (weapon)
Armour
 b - a +0 animal skin
 h - a +0 scale mail (worn)
 i - a +0 leather armour of positive energy
Jewellery
 g - an uncursed ring of see invisible {unknown}
Magical devices
 t - a wand of frost (41)
Scrolls
 c - a scroll of magic mapping {unknown}
 e - a scroll of enchant armour {unknown}
 f - 3 scrolls of remove curse {unknown}
 l - 2 scrolls of recharging {unknown}
 n - 3 scrolls of immolation {unknown}
 q - 2 scrolls of enchant weapon {unknown}
 r - 2 scrolls of identify {unknown}
 s - a scroll of blinking {unknown}
Potions
 d - a potion of brilliance {unknown}
 j - 3 potions of curing
 m - a potion of restore abilities {unknown}
 o - a potion of resistance {unknown}
 p - a potion of haste {unknown}
Comestibles
 u - 6 fruits


   Skills:
 - Level 3.6 Fighting
 + Level 11.7 Maces & Flails
 - Level 2.4 Armour
 - Level 2.1 Dodging


You had 7 spell levels left.
You didn't know any spells.

Dungeon Overview and Level Annotations

Branches:
Dungeon (6/15)
 Temple: D:4-7

Altars:
Trog


Innate Abilities, Weirdness & Mutations

You reflexively headbutt those who attack you in melee.
You have a pair of horns on your head.


Message History

The orc warrior is heavily wounded.
The orc warrior hits you with a long sword!!
* * * LOW HITPOINT WARNING * * *
It was a potion of curing.
You feel better.
Read which item? (? for menu, Esc to quit)
Okay, then.
You feel the effects of Trog's Hand fading.
The orc priest utters an invocation to Beogh.
You feel troubled.
The orc warrior hits you with a long sword.
* * * LOW HITPOINT WARNING * * *
Unknown command.
Eat which item? (? for menu, Esc to quit)
You continue eating.
Your skin stops crawling.
You feel less resistant to hostile enchantments.
The orc warrior barely misses you.
You continue eating.
The orc warrior hits you with a long sword!
You die...

. C..########......# ....
...........)...... #
.......#########...##.# #.
....# ##...#..# #. ...#
#......## #####.###o.#
##....### ........o.. #.....#
#.........# ###########.#...#
#.......((####oo@........#####
#.......(.).o.o###########
.........###### .........#
.........# ........# .......#
#######


You could see an orc warrior, an orc priest and 2 orcs.

Vanquished Creatures
  A hill giant (D:6)
  A phantom (D:6)
  An ogre (D:6)
  A centaur (D:6)
  A giant frog (D:6)
  A gnoll shaman (D:6)
  A giant frog zombie (D:6)
  2 hounds (D:6)
  A worker ant (D:6)
  6 gnolls (D:6)
  5 adders
  A giant mite (D:2)
  A shadow imp (D:6)
  A worm (D:2)
  A giant gecko (D:1)
  An orc (D:6)
  3 giant cockroaches
  7 goblins
  6 hobgoblins
  A quokka (D:6)
  A ball python (D:2)
  9 bats
  3 giant newts
  A kobold (D:1)
  7 rats
64 creatures vanquished.

Notes
Turn   | Place    | Note
--------------------------------------------------------------
     0 | D:1      | Shoikan, the Minotaur Berserker, began the quest for the Orb.
     0 | D:1      | Reached XP level 1. HP: 19/19 MP: 1/1
   191 | D:1      | Reached skill level 4 in Maces & Flails
   229 | D:1      | Reached XP level 2. HP: 26/26 MP: 1/1
   540 | D:2      | Acquired Trog's second power
   557 | D:2      | Reached skill level 5 in Maces & Flails
   557 | D:2      | Reached XP level 3. HP: 22/31 MP: 2/2
  1225 | D:2      | Reached skill level 6 in Maces & Flails
  1225 | D:2      | Reached XP level 4. HP: 37/39 MP: 2/2
  1235 | D:2      | Found a bloodstained altar of Trog.
  1432 | D:3      | You fall through a shaft for 3 floors!
  1452 | D:6      | Reached XP level 5. HP: 8/45 MP: 2/2
  1614 | D:6      | Noticed a phantom
  1637 | D:6      | Noticed a hill giant
  1649 | D:6      | Killed a phantom
  1649 | D:6      | Reached skill level 7 in Maces & Flails
  1794 | D:6      | Noticed an ogre
  1809 | D:6      | Killed an ogre
  1809 | D:6      | Reached skill level 8 in Maces & Flails
  1809 | D:6      | Reached XP level 6. HP: 21/51 MP: 3/3
  1999 | D:6      | Noticed a centaur
  2013 | D:6      | Killed a centaur
  2013 | D:6      | Reached skill level 9 in Maces & Flails
  2546 | D:6      | Killed a hill giant
  2546 | D:6      | Reached skill level 11 in Maces & Flails
  2546 | D:6      | Reached XP level 7. HP: 57/57 MP: 3/3
  2619 | D:6      | Reached XP level 8. HP: 53/64 MP: 3/3
  2737 | D:6      | Noticed a giant frog
  2744 | D:6      | Killed a giant frog
  2835 | D:6      | Noticed an orc warrior
  2854 | D:6      | HP: 1/64 [orc warrior/long sword (18)]
  2863 | D:6      | Mangled by an orc warrior

Action                   |  1- 3 |  4- 6 |  7- 9 || total
-------------------------+-------+-------+-------++-------
Melee: Mace              |    70 |    80 |    35 ||   185
Invok: Trog's Hand       |       |     2 |     1 ||     3
       Berserk           |       |     2 |       ||     2
  Use: Potion            |       |       |     1 ||     1
  Eat: Chunk             |     1 |     2 |       ||     3
       Bread ration      |       |     1 |       ||     1
       Royal jelly       |       |       |     1 ||     1
